 Dungeon Crawl Stone Soup version 0.21.1-1-g345015fe64 (webtiles) character file.

82 JarielCorvus the Magician (level 4, -3/24 HPs)
             Began as a Deep Elf Fire Elementalist on July 6, 2018.
             Killed by nerve-wracking pain
             ... invoked by tidbits's ghost
              (7 damage)
             ... on level 3 of the Dungeon.
             The game lasted 00:05:54 (1644 turns).

JarielCorvus the Magician (DEFE)                    Turns: 1644, Time: 00:05:55

Health: -3/24      AC:  2    Str:  5    XL:     4   Next: 21%
Magic:  2/12       EV: 13    Int: 21    God:
Gold:   112        SH:  0    Dex: 15    Spells: 3/12 levels left

rFire    . . .     SeeInvis .   g - +0 whip (venom)
rCold    . . .     Gourm    .   (no shield)
rNeg     . . .     Faith    .   a - +0 robe
rPois    .         Spirit   .   (no helmet)
rElec    .         Reflect  .   (no cloak)
rCorr    .         Harm     .   (no gloves)
MR       .....                  (no boots)
Stlth    ++........             (no amulet)
HPRegen  0.08/turn              (no ring)
MPRegen  0.13/turn              (no ring)

@: no status effects
A: no striking features
a: no special abilities


You were on level 3 of the Dungeon.
You were not hungry.

You visited 1 branch of the dungeon, and saw 3 of its levels.

You collected 112 gold pieces.

Inventory:

Hand Weapons
 d - a -2 mace
 g - a +0 whip of venom (weapon)
Armour
 a - a +0 robe (worn)
Scrolls
 e - a scroll of identify
 j - a scroll of teleportation
Potions
 f - a potion of heal wounds
Books
 b - a book of Flames

   Spells                             Type                      Level
   a - Flame Tongue                   Conjuration/Fire             1
   b - Throw Flame                    Conjuration/Fire             2
   c - Conjure Flame                  Conjuration/Fire             3
   d - Inner Flame                    Hexes/Fire                   3
   e - Sticky Flame                   Conjuration/Fire             4
   f - Fireball                       Conjuration/Fire             5
Comestibles
 c - 3 rations


   Skills:
 - Level 2.4 Dodging
 - Level 2.4 Stealth
 * Level 4.9 Spellcasting
 + Level 2.3 Conjurations
 + Level 3.9 Fire Magic


You had 3 spell levels left.
You knew the following spells:

 Your Spells              Type           Power        Failure   Level  Hunger
a - Flame Tongue          Conj/Fire      ###..        3%          1    None
b - Throw Flame           Conj/Fire      ###...       4%          2    None
c - Conjure Flame         Conj/Fire      ###.....     9%          3    ##.....
d - Inner Flame           Hex/Fire       ##......     14%         3    ##.....


Dungeon Overview and Level Annotations

Branches:
Dungeon (2/15)

Altars:

Annotations:
D:3 tidbits's ghost, amateur GnNe


Message History

Casting: Flame Tongue
Confirm with . or Enter, or press ? or * to list all spells.
Aiming: Flame Tongue
Press: ? - help, Shift-Dir - straight line, f/p - tidbits's ghost
Aim: tidbits's ghost (heavily damaged)
The flame tongue hits tidbits's ghost.
Tidbits's ghost is severely damaged.
Tidbits's ghost gestures at you while chanting.
Pain shoots through your body!
* * * LOW HITPOINT WARNING * * *
Casting: Flame Tongue
Confirm with . or Enter, or press ? or * to list all spells.
Aiming: Flame Tongue
Press: ? - help, Shift-Dir - straight line, f/p - tidbits's ghost
Aim: tidbits's ghost (severely damaged)
The flame tongue hits tidbits's ghost.
Tidbits's ghost is almost destroyed.
Tidbits's ghost points at you and mumbles some strange words.
Pain shoots through your body!
You die...

#.# #####.# #.....#
######## ..##### #......#
#####
..########......###....#
..................'...?##
........##......# .....#
.........'......###†....#
........##..>...@§W.....#
........#.....(.###.....#
........#....#### #'##.#
........#....# .#
##............ # .....
.....#### ..... .....
##.## ...


You could see tidbits's ghost.

Vanquished Creatures
  2 adders (D:2)
  An ooze (D:3)
  3 dart slugs
  4 leopard geckos
  A ball python (D:2)
  5 bats
  2 giant cockroaches
  7 goblins
  6 hobgoblins
  3 jackals (D:1)
  3 kobolds
  A quokka (D:2)
  A frilled lizard (D:1)
  5 rats
44 creatures vanquished.

Notes
Turn   | Place    | Note
-------+----------+-------------------------------------------
     0 | D:1      | JarielCorvus the Deep Elf Fire Elementalist began the quest for the Orb.
     0 | D:1      | Reached XP level 1. HP: 10/10 MP: 6/6
   123 | D:1      | Reached XP level 2. HP: 5/15 MP: 1/8
   313 | D:1      | Learned a level 2 spell: Throw Flame
   445 | D:1      | Reached skill level 4 in Spellcasting
   580 | D:1      | Reached XP level 3. HP: 19/19 MP: 6/10
   585 | D:1      | Learned a level 3 spell: Conjure Flame
   589 | D:1      | Learned a level 3 spell: Inner Flame
  1399 | D:2      | You fall through a shaft!
  1404 | D:3      | Reached XP level 4. HP: 24/24 MP: 5/12
  1631 | D:3      | Noticed tidbits's ghost (amateur GnNe)
  1644 | D:3      | Killed from afar by tidbits's ghost

Skill      XL: |  1  2  3 |
---------------+----------+-----
Spellcasting   | 4 |  4.9
Conjurations   | 2 |  2.3
Dodging        | |  2.4
Stealth        | |  2.4
Fire Magic     | |  3.9

Action                   |  1- 3 |  4- 6 || total
-------------------------+-------+-------++-------
Melee: Mace              |     9 |       ||     9
       Whip              |    11 |       ||    11
 Cast: Flame Tongue      |    50 |    16 ||    66
       Throw Flame       |     3 |     6 ||     9
       Conjure Flame     |       |     1 ||     1
  Use: Scroll            |     2 |     1 ||     3
       Potion            |     2 |       ||     2
  Eat: Chunk             |     1 |     1 ||     2
Armor: Robe              |     6 |     2 ||     8
Dodge: Dodged            |    24 |     2 ||    26
